 Dungeon Crawl Stone Soup version 0.32-a0-732-ga344392067 (webtiles) character file.

Game seed: 898852849092488444

17591 cforsyth the Arsonist (level 12, -4/108 HPs)
             Began as a Mountain Dwarf Cinder Acolyte on Mar 16, 2024.
             Was a High Priest of Ignis.
             Killed from afar by Azrael (27 damage)
             ... with damnation
             ... on level 12 of the Dungeon.
             The game lasted 00:25:06 (18647 turns).

cforsyth the Arsonist (MDCA)                       Turns: 18647, Time: 00:25:07

Health: -4/108     AC: 15    Str: 21    XL:     12   Next: 20%
Magic:  21/21      EV: 12    Int: 16    God:    Ignis [*****.]
Gold:   758        SH:  0    Dex:  5    Spells: 22/24 levels left

rFire   + + .        J - +2 war axe (venom)
rCold   x . .        (no shield)
rNeg    . . .        G - +0 chain mail
rPois   .            (no helmet)
rElec   .            (no cloak)
rCorr   .            j - +2 pair of gloves {hurl}
SInv    .            (no boots)
Will    +....        r - amulet of the acrobat Stlth
                     e - +5 ring of evasion
HPRegen 0.38/turn    F - ring of fire
MPRegen 0.17/turn

%: acrobat
@: mighty
A: runic magic, artefact enchanting
a: Renounce Religion, Fiery Armour, Foxfire Swarm, Rising Flame


You were on level 12 of the Dungeon.
You worshipped Ignis.
Ignis was extremely pleased with you.
You visited 1 branch of the dungeon, and saw 12 of its levels.

You collected 758 gold pieces.


Innate Abilities, Weirdness & Mutations

Your spellcasting is much less encumbered by armour.
You can use scrolls of enchantment on lesser artefacts.


   Skills:
 + Level 10.8 Fighting
 + Level 11.8 Axes
 + Level 10.2 Armour
 - Level 6.5 Spellcasting
 + Level 11.9 Fire Magic


You had 22 spell levels left.
You knew the following spells:

 Your Spells              Type           Power      Damage    Failure   Level
X - Scorch                Fire           100%       2d9       1%          2

Your spell library contained the following spells:

 Spells                   Type           Power      Damage    Failure   Level
 Apportation              Tloc           10%        N/A       19%         1
 Magic Dart               Conj           20%        1d4       19%         1
 Necrotise                Necr           20%        1d5       19%         1
 Sting                    Conj/Alch      20%        1d4       19%         1
 Summon Small Mammal      Summ           20%        N/A       19%         1
 Searing Ray              Conj           10%        2d4       28%         2
 Fugue of the Fallen      Necr           5%         N/A       50%         3
 Ozocubu's Armour         Ice            5%         N/A       50%         3
 Fulminant Prism          Conj/Alch      2%         3d5       88%         4
 Manifold Assault         Tloc           5%         N/A       88%         4
 Summon Forest            Summ/Tloc      2%         N/A       99%         5
 Summon Mana Viper        Hex/Summ       5%         N/A       99%         5
 Summon Cactus Giant      Summ           2%         N/A       100%        6

Inventory:

Hand Weapons
 a - a +5 war axe
 J - a +2 war axe of venom (weapon)
Missiles
 U - 2 throwing nets {=f}
Armour
 b - a +0 robe
 j - a +2 pair of gloves of hurling (worn)
 m - a scarf of shadows
 G - a +0 chain mail (worn)
 P - a +0 helmet
Magical Staves
 y - a staff of death {!a}
 O - a staff of air {!a}
Jewellery
 c - a ring of ice
 e - a +5 ring of evasion (left hand)
 r - an amulet of the acrobat (around neck)
 C - a ring of protection from cold
 E - a +5 ring of evasion
 F - a ring of fire (right hand)
 I - a +6 ring of intelligence
 R - a ring of resist corrosion
Wands
 i - a wand of flame (32)
 A - a wand of digging (9)
 D - a wand of mindburst (8)
 H - a wand of polymorph (9)
Scrolls
 d - a scroll of fog
 f - 3 scrolls of blinking
 g - 2 scrolls of enchant weapon
 h - 5 scrolls of poison
 l - 2 scrolls of revelation
 q - 5 scrolls of teleportation {@r2}
 t - a scroll of vulnerability
 u - 2 scrolls of noise {unknown}
 v - 2 scrolls of fear {unknown}
 w - 6 scrolls of immolation {unknown}
 x - a scroll of silence {!r}
 B - 2 scrolls of amnesia {unknown}
 L - a scroll of enchant armour
 N - a scroll of summoning
 Q - a scroll of torment
Potions
 k - a potion of cancellation
 n - a potion of magic
 o - 2 potions of haste {@q3}
 p - 4 potions of attraction
 s - a potion of might
 z - 3 potions of enlightenment
 K - 2 potions of lignification {unknown}
 M - a potion of curing {@q1}
 S - a potion of invisibility
 T - a potion of berserk rage {unknown}

Dungeon Overview and Level Annotations

Branches:
Dungeon (12/15)            Temple (0/1) D:7            Lair (0/5) D:11
    Orc: D:9-12

Altars:
Elyvilon
Hepliaklqana
Ru
Uskayaw
Xom
Zin

Portals:
Abyss: D:5

Annotations:
D:5 2 transporters, DeathSocks's ghost, novice DsIE
D:11 4 transporters
D:12 Azrael

#.# #.## #.# #####'###
#.# #.......# #.#
#.......# #.# #.......#
####.#### #.......#
........#####.[.....#
####.##.☼...'.......#
#.########>(R@)..#
#....# #.......# ####h#
####'##### #.# #.....#
#)# #####.### #h# #...#
#######.##############'#
...........##.....# ###
...........##.....# #


You could see Azrael (extremely poisoned).


Message History

You completely miss Azrael. Azrael gestures at you.
The sphere of damnation explodes!
The damnation engulfs you!!
* * * LOW HITPOINT WARNING * * *
The damnation engulfs Azrael.
Azrael completely resists.
You feel very mighty all of a sudden.
Azrael hits you with a +0 scimitar of flaming.
* * * LOW HITPOINT WARNING * * *
Azrael burns you.
* * * LOW HITPOINT WARNING * * *
You slice Azrael!!
Azrael is poisoned.
Azrael is lightly wounded.
Azrael hits you with a +0 scimitar of flaming!
* * * LOW HITPOINT WARNING * * *
You hit Azrael but do no damage.
Azrael is lightly wounded.
Azrael barely misses you.
You slash Azrael!
Azrael looks as sick as possible!
Azrael is moderately wounded.
You slash Azrael!
Azrael is heavily wounded.
Azrael hits you with a +0 scimitar of flaming.
* * * LOW HITPOINT WARNING * * *
Unknown command.
You barely miss Azrael.
Azrael is heavily wounded.
Azrael gestures at you.
The sphere of damnation explodes!
The damnation engulfs you!!
You die...
Ignis goes out, and joins you in death.

Skill      XL: |  1  2  3  4  5  6  7  8  9 10 11 12 |
---------------+-------------------------------------+-----
Armour         | 1 2 3 4 5 6 8 9 10 | 10.2
Fire Magic     | 4 5 6 7 8 9 11 | 11.9
Axes           | 4 5 6 7 8 9 11 | 11.8
Fighting       | 4 5 6 7 9 10 | 10.8
Spellcasting   | 2 3 4 5 6 |  6.5

Action                     |  1- 3 |  4- 6 |  7- 9 | 10-12 || total
---------------------------+-------+-------+-------+-------++-------
  Melee: Hand axe          |    49 |    49 |    64 |       ||   162
         War axe           |       |       |       |   381 ||   381
   Cast: Scorch            |    16 |   112 |   125 |   128 ||   381
 Invoke: Fiery Armour      |       |       |     1 |       ||     1
    Use: Scroll            |       |       |    15 |     6 ||    21
         Potion            |       |       |     4 |     2 ||     6
 Armour: Robe              |    34 |    69 |    29 |       ||   132
         Chain mail        |       |       |   119 |   445 ||   564
  Dodge: Dodged            |    55 |   134 |   195 |   455 ||   839

Levels and vault maps discovered:
D:1:      wander_arrival_fairy_ring, layout_basic
D:2:      layout_basic, minmay_misc_feat_room, minmay_divided_ellipse,
          uniq_jessica
D:3:      minmay_razor_zed, layout_loops_corners, nicolae_uskayaw_en_pointe,
          grunt_temple_overflow_diamond, small_statue_intersection
D:4:      layout_basic
D:5:      layout_gridville, gammafunk_ghost_abyssal_escape
D:6:      layout_basic, nicolae_ru_awakened_eye, minmay_liquid_box
D:7:      layout_gridville, minmay_temple_entry_purple_smoke
D:8:      layout_loops_cross, uniq_pikel, uniq_erica
D:9:      layout_rooms, kennysheep_cross_room
D:10:     layout_cave_pools, mainiacjoe_overflow_small_starburst
D:11:     layout_irregular_city, david_lair_generic,
          nicolae_transporter_intersection
D:12:     layout_roguey, david_orc_4, hangedman_abyss_or_decor_jellyfish_corner,
          minivault_4, uniq_azrael

Notes
Turn   | Place    | Note
-------+----------+-------------------------------------------
     0 | D:1      | cforsyth the Mountain Dwarf Cinder Acolyte began the quest
                  | for the Orb.
     0 | D:1      | Reached XP level 1. HP: 19/19 MP: 2/2
    75 | D:1      | Reached XP level 2. HP: 20/26 MP: 3/3
    78 | D:1      | Learned a level 2 spell: Scorch
   594 | D:1      | Reached skill level 1 in Armour
   665 | D:1      | Reached skill level 4 in Fire Magic
   854 | D:1      | Reached skill level 4 in Axes
   854 | D:1      | Reached XP level 3. HP: 31/31 MP: 2/5
  1068 | D:2      | Noticed Jessica
  1203 | D:2      | Killed Jessica
  1204 | D:2      | Reached XP level 4. HP: 22/40 MP: 2/6
  1754 | D:1      | Reached skill level 4 in Fighting
  2133 | D:2      | Reached skill level 2 in Armour
  2244 | D:2      | Reached XP level 5. HP: 46/46 MP: 2/7
  2392 | D:2      | Reached skill level 2 in Spellcasting
  2709 | D:3      | Noticed a +0 short sword
  2710 | D:3      | Noticed a +0 short sword
  2710 | D:3      | Noticed a +0 falchion
  2710 | D:3      | Noticed a +0 spear
  3041 | D:3      | Noticed a +0 spear
  3047 | D:3      | Found a hide-covered altar of Uskayaw.
  3052 | D:3      | Noticed a +0 falchion
  3054 | D:3      | Noticed a +0 dagger
  3055 | D:3      | Noticed a +0 dagger
  4180 | D:3      | Found a hazy altar of Hepliaklqana.
  4183 | D:3      | Found a shimmering altar of Xom.
  4187 | D:3      | Found a white marble altar of Elyvilon.
  4526 | D:2      | Reached XP level 6. HP: 53/53 MP: 0/9
  4764 | D:4      | Reached skill level 5 in Fire Magic
  4844 | D:3      | Reached skill level 5 in Axes
  5133 | D:4      | Reached skill level 3 in Armour
  5773 | D:5      | Entered Level 5 of the Dungeon
  5818 | D:5      | Noticed DeathSocks's ghost (novice DsIE)
  5818 | D:5      | You fall into a shaft and drop 2 floors!
  5835 | D:7      | Noticed a sky beast
  5841 | D:7      | Reached XP level 7. HP: 34/60 MP: 2/11
  5843 | D:7      | Reached skill level 5 in Fighting
  5843 | D:7      | Reached skill level 3 in Spellcasting
  6068 | D:6      | Found a sacrificial altar of Ru.
  6092 | D:6      | Reached skill level 4 in Armour
  6092 | D:6      | Reached skill level 6 in Fire Magic
  6095 | D:6      | Reached skill level 6 in Axes
  6259 | D:6      | Reached XP level 8. HP: 69/69 MP: 8/13
  6806 | D:5      | Found a transporter.
  6846 | D:5      | Found a one-way gate to the infinite horrors of the Abyss.
  6863 | D:5      | Found a transporter.
  6864 | D:5      | Noticed an ancient zyme
  7097 | D:5      | Reached skill level 6 in Fighting
  7761 | D:7      | Found a staircase to the Ecumenical Temple.
  7876 | D:7      | Reached skill level 5 in Armour
  7876 | D:7      | Reached skill level 4 in Spellcasting
  8049 | D:7      | Reached skill level 7 in Fire Magic
  8207 | D:7      | Reached skill level 7 in Axes
  8894 | D:8      | Reached XP level 9. HP: 78/78 MP: 11/15
  8906 | D:8      | Noticed Erica
  8911 | D:8      | Killed Erica
  8912 | D:8      | Reached skill level 7 in Fighting
  9111 | D:8      | Reached skill level 6 in Armour
  9239 | D:8      | Reached skill level 8 in Fire Magic
  9353 | D:8      | Noticed Pikel
  9360 | D:9      | Noticed a troll
  9371 | D:9      | Reached skill level 8 in Axes
  9377 | D:9      | HP: 7/78 [troll (9)]
  9382 | D:9      | Killed a troll
  9383 | D:9      | Reached skill level 5 in Spellcasting
  9689 | D:8      | HP: 7/79 [poisoned by a killer bee]
 10241 | D:7      | Killed Pikel
 10416 | D:8      | Reached XP level 10. HP: 79/88 MP: 10/18
 10560 | D:9      | Reached skill level 7 in Armour
 10698 | D:9      | Reached skill level 8 in Fighting
 11299 | D:8      | Reached skill level 9 in Fire Magic
 11506 | D:9      | Reached skill level 9 in Axes
 11677 | D:10     | Entered Level 10 of the Dungeon
 11863 | D:9      | Reached skill level 6 in Spellcasting
 12313 | D:10     | Noticed a harpy
 12324 | D:10     | Killed a harpy
 12325 | D:10     | Reached skill level 8 in Armour
 12348 | D:10     | Found a glowing silver altar of Zin.
 12375 | D:10     | Noticed a gargoyle
 12394 | D:10     | Killed a gargoyle
 12636 | D:10     | Reached skill level 9 in Fighting
 12645 | D:10     | Reached XP level 11. HP: 84/97 MP: 20/20
 12653 | D:10     | Reached skill level 10 in Fire Magic
 12930 | D:11     | Found a staircase to the Lair.
 13151 | D:10     | Reached skill level 10 in Axes
 13164 | D:11     | Noticed a two-headed ogre
 13265 | D:11     | Killed a two-headed ogre
 14112 | D:11     | Found a transporter.
 14151 | D:11     | Found a transporter.
 14209 | D:11     | Noticed a two-headed ogre
 14216 | D:11     | Killed a two-headed ogre
 14217 | D:11     | Reached skill level 9 in Armour
 14304 | D:11     | Found a transporter.
 14674 | D:11     | Found a transporter.
 14956 | D:12     | Reached skill level 10 in Fighting
 15083 | D:12     | Reached skill level 11 in Fire Magic
 15120 | D:11     | Reached skill level 11 in Axes
 15836 | D:12     | Noticed Azrael
 16470 | D:11     | Reached XP level 12. HP: 65/107 MP: 21/21
 16610 | D:11     | Found a staircase to the Lair.
 16695 | D:11     | Found a transporter.
 16706 | D:11     | Found a transporter.
 16854 | D:11     | Found a transporter.
 16871 | D:11     | Found a transporter.
 17556 | D:12     | Reached skill level 10 in Armour
 18647 | D:12     | Killed from afar by Azrael

Vanquished Creatures
  Erica (D:8)
  2 two-headed ogres (D:11)
  Pikel (D:7)
  A harpy (shapeshifter) (D:10)
  A manticore (D:12)
  5 cyclopes
  An elephant (D:11)
  A gargoyle (D:10)
  A komodo dragon (D:11)
  3 trolls
  A hornet (D:9)
  A vampire (D:12)
  3 wraiths
  3 slime creatures
  A shadow (D:12)
  2 fire elementals (D:11)
  2 wyverns
  17 yaks
  9 vampire mosquitoes
  2 acid dragons (D:11)
  4 hell hounds (D:11)
  6 black bears
  5 orc warriors
  A sky beast (D:7)
  An ogre (D:7)
  10 centaurs
  2 lemures (D:9)
  A kobold brigand (D:7)
  2 bullfrogs
  A gnoll sergeant (D:12)
  3 scorpions
  16 wights
  9 killer bees
  8 howler monkeys
  An electric eel (D:12)
  3 jellies
  2 bombardier beetles (D:6)
  2 hounds (D:6)
  4 orc priests
  2 iguanas
  4 sleepcaps
  Jessica (D:2)
  9 orc wizards
  7 gnolls
  8 adders
  A shadow imp (D:8)
  A white imp (D:8)
  A ribbon worm (D:3)
  3 dart slugs (D:1)
  24 orcs
  5 bats
  9 endoplasms
  3 giant cockroaches
  10 goblins
  12 hobgoblins
  10 kobolds
  6 quokkas
  12 ball pythons
  3 frilled lizards
  4 rats
274 creatures vanquished.

Vanquished Creatures (others)
  2 slime creatures (D:12)
2 creatures vanquished.

Grand Total: 276 creatures vanquished

Table legend: (Time is in decaauts)
 A = Elapsed time spent in this place.
 B = Non-inter-level travel time spent in this place.
 C = Inter-level travel time spent in this place.
 D = Time resting spent in this place.
 E = Time spent auto-exploring this place.
 F = Levels seen in this place.
 G = Mean time per level.
                   A        B        C        D        E       F      G
               +--------+--------+--------+--------+--------+-----+--------+
         Total |  18688 |  18170 |    518 |   4547 |  11028 |  12 | 1557.3 |
       Dungeon |  18688 |  18170 |    518 |   4547 |  11028 |  12 | 1557.3 |
               +--------+--------+--------+--------+--------+-----+--------+

Top non-repeatable levels by time:
    D:11: 2913 daAuts
    D:10: 1991 daAuts
     D:3: 1928 daAuts
    D:12: 1839 daAuts
     D:9: 1673 daAuts
     D:2: 1553 daAuts
     D:1: 1457 daAuts
     D:8: 1307 daAuts
     D:6: 1181 daAuts
     D:7: 984 daAuts
     D:4: 958 daAuts
     D:5: 899 daAuts

Table legend:
 A = Non-vault XP
 B = Vault XP
 C = Vault XP percentage of total XP
 D = Non-vault monster count
 E = Vault monster count
 F = Vault count percentage of total count
                 A         B        C        D         E       F
            +---------+---------+-------+---------+---------+-------
      Total |   20881 |    4250 |  16.9 |     221 |      51 |  18.8
            +---------+---------+-------+---------+---------+-------
        D:1 |      62 |      40 |  39.2 |      26 |       2 |   7.1
        D:2 |     111 |      68 |  38.0 |      16 |      11 |  40.7
        D:3 |     141 |      31 |  18.0 |      22 |       9 |  29.0
        D:4 |     276 |       0 |   0.0 |      13 |       0 |   0.0
        D:5 |     324 |       0 |   0.0 |       6 |       0 |   0.0
        D:6 |     604 |       0 |   0.0 |      10 |       0 |   0.0
        D:7 |    1078 |     617 |  36.4 |      17 |       1 |   5.6
        D:8 |     775 |     842 |  52.1 |      18 |       1 |   5.3
        D:9 |    3521 |       0 |   0.0 |      31 |       0 |   0.0
       D:10 |    3699 |     336 |   8.3 |      19 |       2 |   9.5
       D:11 |    5237 |    1809 |  25.7 |      17 |      11 |  39.3
       D:12 |    5053 |     507 |   9.1 |      26 |      14 |  35.0
            +---------+---------+-------+---------+---------+-------
